 Dungeon Crawl Stone Soup version 0.19.0-24-gb05acd6 (webtiles) character file.

158 Linuske the Bolt Thrower (level 5, -3/46 HPs)
             Began as a Deep Dwarf Hunter on Nov 20, 2016.
             Slain by a slave (6 damage)
             ... led by Pikel
             ... on level 4 of the Dungeon.
             The game lasted 00:18:09 (1769 turns).

Linuske the Bolt Thrower (Deep Dwarf Hunter)        Turns: 1769, Time: 00:18:09

Health: -3/46      AC:  3    Str: 15    XL:     5   Next: 16%
Magic:  4/4        EV: 12    Int: 12    God:
Gold:   48         SH:  0    Dex: 14    Spells: 0 memorised, 4 levels left

rFire  . . .     SeeInvis .     a - +1 hand crossbow
rCold  . . .     Gourm    .     c - +0 leather armour
rNeg   . . .     Faith    .     (no shield)
rPois  .         Spirit   .     (no helmet)
rElec  .         Reflect  .     (no cloak)
rCorr  .         Harm     .     (no gloves)
MR     .....                    (no boots)
Stlth  ++........               (no amulet)
                                (no ring)
                                (no ring)

@: non-regenerating
A: damage resistance, recharge devices, sense surroundings 1, slow regeneration
3
a: Device Recharging


You were on level 4 of the Dungeon.
You were not hungry.

You visited 1 branch of the dungeon, and saw 4 of its levels.

You collected 48 gold pieces.

Inventory:

Hand Weapons
 a - a +1 hand crossbow (weapon)
 b - a +0 short sword
Missiles
 d - 4 bolts (quivered)
Armour
 c - a +0 leather armour (worn)
Jewellery
 n - an uncursed amulet of rage {unknown}
Wands
 e - a wand of heal wounds (7/9)
Scrolls
 g - 2 scrolls of magic mapping {unknown}
 l - a scroll of blinking {unknown}
Potions
 h - a potion of ambrosia {unknown}
 j - a potion of cure mutation {unknown}
 k - a potion of might {unknown}
Comestibles
 f - a bread ration
 i - a beef jerky


   Skills:
 + Level 2.3 Fighting
 + Level 0.5 Short Blades
 * Level 5.9 Crossbows
 + Level 2.0 Armour
 + Level 2.6 Dodging
 * Level 2.1 Stealth


You had 4 spell levels left.
You didn't know any spells.

Dungeon Overview and Level Annotations

Branches:
Dungeon (4/15)
 Temple: D:4-7

Altars:


Innate Abilities, Weirdness & Mutations

You are resistant to damage.
You can recharge devices by infusing magical energy.
You passively map a small area around you.
You do not regenerate.


Message History

Aim: a slave, wearing an animal skin You shoot a bolt.
The bolt closely misses the slave.
Firing (i - inventory):
d - 7 bolts (quivered)
Press: ? - help, Shift-Dir - straight line, f/p - slave
Aim: a slave, wearing an animal skin You shoot a bolt.
The bolt hits the slave.
The slave is moderately wounded.
Firing (i - inventory):
d - 6 bolts (quivered)
Press: ? - help, Shift-Dir - straight line, f/p - slave
Aim: a slave, wearing an animal skin (lightly wounded)
You shoot a bolt.
The bolt hits the slave but does no damage.
The slave is lightly wounded.
The slave hits you.
* * * LOW HITPOINT WARNING * * *
Firing (i - inventory):
d - 5 bolts (quivered)
Press: ? - help, Shift-Dir - straight line, f/p - slave
Aim: a slave, wearing an animal skin (lightly wounded)
You shoot a bolt. The bolt barely misses the slave.
The slave hits you!
You die...

, * .(# ,* ,
..# * *#.. #.#*
, #(# * , #.#
#* * **
#p#######.##.#
*
#@(..†.......#
,
,#.#######.#.##
, , ∩ #.# # ,
,#.#* , , ,...
,, >.# , , ,*
#..# ** * ,
#..# ,


You could see a slave.

Vanquished Creatures
  A sky beast (D:4)
  A hound (D:4)
  An adder zombie (D:3)
  A dart slug (D:1)
  5 orcs (D:3)
  10 giant cockroaches (D:3)
  5 goblins
  2 ball pythons (D:3)
  A kobold (D:1)
  2 rats
29 creatures vanquished.

Notes
Turn   | Place    | Note
-------+----------+-------------------------------------------
     0 | D:1      | Linuske the Deep Dwarf Hunter began the quest for the Orb.
     0 | D:1      | Reached XP level 1. HP: 19/19 MP: 1/1
     2 | D:1      | Noticed an elf
     2 | D:1      | Noticed a tengu
     6 | D:1      | Noticed a naga
     6 | D:1      | Noticed an octopode
     8 | D:1      | Noticed a dwarf
     8 | D:1      | Noticed a minotaur
    10 | D:1      | Noticed a demonspawn
    10 | D:1      | Noticed a troll
    12 | D:1      | Noticed a vine stalker
    12 | D:1      | Noticed an ogre
    14 | D:1      | Noticed a felid
    14 | D:1      | Noticed a ghoul
    16 | D:1      | Noticed a centaur
    18 | D:1      | Noticed a merfolk
    18 | D:1      | Noticed a formicid
    20 | D:1      | Noticed a halfling
    20 | D:1      | Noticed a vampire
    24 | D:1      | Noticed a demigod
    24 | D:1      | Noticed a spriggan
    26 | D:1      | Noticed a human
    28 | D:1      | Noticed a draconian
    28 | D:1      | Noticed a gargoyle
   354 | D:3      | Reached XP level 2. HP: 23/26 MP: 1/1
   362 | D:3      | Reached skill level 5 in Crossbows
   495 | D:3      | Reached XP level 3. HP: 28/32 MP: 2/2
   664 | D:3      | Reached skill level 1 in Armour
   764 | D:4      | Reached XP level 4. HP: 10/39 MP: 3/3
  1751 | D:4      | Noticed a sky beast
  1759 | D:4      | Killed a sky beast
  1759 | D:4      | Reached XP level 5. HP: 6/46 MP: 4/4
  1764 | D:4      | Noticed a slave
  1769 | D:4      | Slain by a slave

Skill      XL: |  1  2  3  4 |
---------------+-------------+-----
Crossbows      | 5 |  5.9
Armour         | 1 2 |  2.0
Fighting       | 2 |  2.3
Stealth        | 2 |  2.1
Short Blades   | |  0.5
Dodging        | |  2.6

Action                   |  1- 3 |  4- 6 || total
-------------------------+-------+-------++-------
Melee: Hand crossbow     |     8 |       ||     8
       Short sword       |    49 |       ||    49
 Fire: Hand crossbow     |    48 |    11 ||    59
 Abil: Device Recharging |     1 |       ||     1
  Eat: Meat ration       |       |     1 ||     1
Armor: Leather armour    |    32 |       ||    32
Dodge: Dodged            |    75 |     4 ||    79
